 Dungeon Crawl Stone Soup version 0.20-a0-1109-ge3cd172 (webtiles) character file.

3124 urechis the Cleaver (level 9, -11/82 HPs)
             Began as a Hill Orc Berserker on May 5, 2017.
             Was a Priest of Trog.
             Mangled by an ice devil (15 damage)
             ... on level 8 of the Dungeon.
             The game lasted 00:08:01 (8763 turns).

urechis the Cleaver (Hill Orc Berserker)            Turns: 8763, Time: 00:08:01

Health: -11/82     AC:  7    Str: 20    XL:     9   Next: 91%
Magic:  0/9        EV: 12    Int:  7    God:    Trog [***...]
Gold:   233        SH:  0    Dex: 13    Spells: 8/8 levels left

rFire    + . .     SeeInvis .   I - +0 battleaxe
rCold    . . .     Gourm    .   (shield currently unavailable)
rNeg     + . .     Faith    .   b - +1 leather armour "Ciunipoh" {rPois rF+}
rPois    +         Spirit   +   m - +0 helmet
rElec    .         Reflect  .   i - +0 cloak
rCorr    .         Harm     .   (no gloves)
MR       .....                  (no boots)
Stlth    +.........             n - amulet of guardian spirit
Regen    0.3/turn               t - +4 ring of slaying
MPRegen  0.2/turn               x - ring of positive energy

@: hasted, slow
A: no striking features
a: Berserk, Trog's Hand, Burn Spellbooks, Renounce Religion


You were on level 8 of the Dungeon.
You worshipped Trog.
Trog was most pleased with you.
You were near starving.

You visited 1 branch of the dungeon, and saw 8 of its levels.

You collected 233 gold pieces.

Inventory:

Hand Weapons
 I - a +0 battleaxe (weapon)
Armour
 b - the +1 leather armour "Ciunipoh" (worn) {rPois rF+}
   (You found it on level 4 of the Dungeon)

   It protects you from fire.
   It protects you from poison.
 i - a +0 cloak (worn)
 m - a +0 helmet (worn)
Jewellery
 n - an amulet of guardian spirit (around neck)
 t - a +4 ring of slaying (left hand)
 x - a ring of positive energy (right hand)
Wands
 a - a wand of disintegration (19/24)
 d - a wand of random effects (42/48)
 l - a wand of acid (4/15)
 s - a wand of flame (23/48)
 D - a wand of clouds (1/9)
Scrolls
 e - 2 scrolls of enchant weapon
 f - a scroll of enchant armour {unknown}
 g - 4 scrolls of remove curse
 h - a scroll of amnesia {unknown}
 j - 3 scrolls of recharging
 p - a scroll of immolation {unknown}
 q - 4 scrolls of magic mapping {unknown}
 w - 2 scrolls of teleportation {unknown}
 y - a scroll of fear {unknown}
 A - 6 scrolls of identify
 H - 3 scrolls of fog {unknown}
Potions
 k - a potion of agility
 r - a potion of heal wounds {unknown}
 u - 2 potions of lignification {unknown}
 z - a potion of invisibility {unknown}
 G - a potion of magic {unknown}
Books
 v - a book of Frost

   Spells                             Type                      Level
   a - Freeze                         Ice                          1
   b - Throw Frost                    Conjuration/Ice              2
   c - Ozocubu's Armour               Charms/Ice                   3
   d - Throw Icicle                   Conjuration/Ice              4
   e - Summon Ice Beast               Ice/Summoning                4
   Trog disapproves of the use of such an item.
Comestibles
 c - 10 bread rations
 o - 2 royal jellies
 B - 4 fruits
 C - 2 meat rations


   Skills:
 - Level 8.9 Fighting
 + Level 12.8 Axes
 - Level 7.5 Armour
 - Level 1.5 Dodging


You had 8 spell levels left.
You didn't know any spells.

Dungeon Overview and Level Annotations

Branches:
Dungeon (8/15)             Temple (0/1) D:4
   Lair: D:8-11

Altars:
Nemelex Xobeh
Uskayaw

Shops:
D:5 [

Annotations:
D:8 exclusion: ice statue


Message History

You enter a teleport trap!
The teleport trap disappears.
Your surroundings suddenly seem different.
Splash!
You fall into the shallow water.
Moving in this stuff is going to be slow.
Marking area around the ice statue as unsafe for travelling. 3 ufetubi and 8 ice devils come into view.
The ufetubus shouts! x2
The ufetubus hits you but does no damage. x2
The ufetubus misses you.
The ufetubus hits you but does no damage.
Found four items.
An ufetubus comes into view.
Okay, then.
You feel yourself speed up.
The ufetubus shouts!
The ice devil hits you!
* * * LOW HITPOINT WARNING * * *
The ice devil freezes you!
You die...

#...#.# ##
##..#.# #.
#....# ###.. ##
##...#
...###... ...#
..≈≈≈≈≈.. ...#
# #≈≈≈4≈≈≈#
#..##≈≈...≈≈#
#..≈≈@44...≈≈
#..≈≈≈4##5##.≈
...#≈≈.5#$$?#..
. #≈≈.4.48$...
#≈≈..#$(%#..
.≈≈≈.##4##.≈
#..≈≈≈..545≈≈
#..##≈≈...≈≈#


You could see an ice statue, 8 ice devils and 4 ufetubi.

Vanquished Creatures
  The ghost of urechis the Cleaver, a novice HOBe of Trog (D:4)
  A hippogriff (D:8)
  A spriggan (D:7)
  A sky beast (D:6)
  2 ice beasts (D:6)
  An orc warrior (D:8)
  A necrophage (D:6)
  A phantom (D:4)
  An ogre (D:6)
  4 centaurs (D:6)
  4 bullfrogs
  A water moccasin skeleton (D:7)
  3 crimson imps
  A hound (D:4)
  2 jellies
  Crazy Yiuf (D:4)
  A centaur skeleton (D:5)
  6 orc priests
  11 orc wizards
  2 iguanas (D:6)
  Ijyb (D:4)
  6 worker ants
  A hound zombie (D:6)
  A worker ant zombie (D:5)
  A howler monkey zombie (D:5)
  A gnoll (D:1)
  7 adders
  2 shadow imps
  An ooze (D:5)
  4 worms
  A dart slug (D:2)
  3 leopard geckos
  23 orcs
  5 ball pythons
  4 giant cockroaches
  6 goblins
  A hobgoblin (D:3)
  9 kobolds
  3 quokkas
  7 bats
  3 frilled lizards
  A rat (D:1)
137 creatures vanquished.

Notes
Turn   | Place    | Note
-------+----------+-------------------------------------------
     0 | D:1      | urechis the Hill Orc Berserker began the quest for the Orb.
     0 | D:1      | Reached XP level 1. HP: 19/19 MP: 1/1
   287 | D:1      | Reached XP level 2. HP: 27/27 MP: 2/2
   519 | D:1      | Reached XP level 3. HP: 33/34 MP: 3/3
  1500 | D:2      | Reached skill level 5 in Axes
  1500 | D:2      | Reached XP level 4. HP: 34/41 MP: 4/4
  1683 | D:2      | Reached ** piety under Trog
  2765 | D:3      | Reached XP level 5. HP: 47/47 MP: 5/5
  2876 | D:4      | Reached skill level 6 in Axes
  2939 | D:4      | Reached skill level 5 in Fighting
  3171 | D:4      | Reached XP level 6. HP: 49/56 MP: 6/6
  3240 | D:4      | Noticed Ijyb
  3251 | D:4      | Killed Ijyb
  3273 | D:4      | Noticed urechis's ghost (novice HOBe)
  3630 | D:4      | Killed urechis's ghost
  3630 | D:4      | Reached skill level 8 in Axes
  3630 | D:4      | Reached XP level 7. HP: 63/63 MP: 7/7
  3749 | D:4      | Got an emerald-encrusted leather armour
  3760 | D:4      | Identified the +1 leather armour "Ciunipoh" {rPois rF+} (You found it on level 4 of the Dungeon)
  3843 | D:4      | Found a runed door.
  4137 | D:4      | Found a staircase to the Ecumenical Temple.
  4381 | D:4      | Noticed Crazy Yiuf
  4388 | D:4      | Killed Crazy Yiuf
  4528 | D:5      | Entered Level 5 of the Dungeon
  4591 | D:5      | Reached skill level 5 in Armour
  4751 | D:5      | Reached skill level 9 in Axes
  4901 | D:5      | Reached XP level 8. HP: 71/71 MP: 6/8
  5544 | D:5      | Found Vulampeeqe's Antique Armour Shop.
  5792 | D:6      | Reached skill level 10 in Axes
  6347 | D:6      | Found a sparkling altar of Nemelex Xobeh.
  6511 | D:6      | Reached XP level 9. HP: 68/80 MP: 9/9
  6608 | D:6      | Reached skill level 11 in Axes
  7254 | D:6      | Reached *** piety under Trog
  8006 | D:7      | Found a hide-covered altar of Uskayaw.
  8151 | D:8      | Reached skill level 12 in Axes
  8744 | D:8      | Noticed a two-headed ogre
  8762 | D:8      | Noticed an ice devil
  8762 | D:8      | Noticed an ice devil
  8762 | D:8      | Noticed an ice devil
  8762 | D:8      | Noticed an ice devil
  8762 | D:8      | Noticed an ice devil
  8762 | D:8      | Noticed an ice statue
  8762 | D:8      | Noticed an ice devil
  8762 | D:8      | Noticed an ice devil
  8762 | D:8      | Noticed an ice devil
  8763 | D:8      | HP: 4/82 [ice devil (7)]
  8763 | D:8      | Mangled by an ice devil

Vault maps used:
D:1:      minmay_arrival_diagonal_passages, minmay_pentomino_r4
D:2:      corexii_item_surrounded_by_moat, kennysheep_generic_room_4
D:3:      lemuel_upstairs_altar
D:4:      minmay_temple_entry_glassed_door, minmay_misc_feat_cross,
          hangedman_abyss_or_decor_lesser_grid, uniq_crazy_yiuf_cottage,
          uniq_ijyb
D:5:      first_bread, serial_shops, kennysheep_mini,
          minmay_misc_feat_diagonals, abandoned_shop
D:6:      nemelex_xobeh_ov_fountains_minmay
D:7:      basic_altar, the_bakery
D:8:      cheibrodos_frozen_isle

Skill      XL: |  1  2  3  4  5  6  7  8  9 |
---------------+----------------------------+-----
Fighting       | 4 5 6 7 8 |  8.9
Axes           | 5 6 8 9 10 12 | 12.8
Armour         | 3 4 5 6 7 |  7.5
Dodging        | |  1.5

Action                   |  1- 3 |  4- 6 |  7- 9 || total
-------------------------+-------+-------+-------++-------
Melee: Hand axe          |   116 |   124 |   411 ||   651
       Battleaxe         |       |       |    17 ||    17
Invok: Berserk           |     1 |     4 |     7 ||    12
       Trog's Hand       |       |       |     1 ||     1
  Use: Potion            |       |     4 |     2 ||     6
       Scroll            |       |       |     5 ||     5
  Eat: Chunk             |     3 |     4 |    20 ||    27
       Meat ration       |       |     1 |       ||     1
       Royal jelly       |       |       |     1 ||     1
       Fruit             |       |       |     1 ||     1
Armor: Animal skin       |     4 |       |       ||     4
       Chain mail        |    56 |    74 |       ||   130
       Leather armour    |       |       |   115 ||   115
Dodge: Dodged            |    60 |    40 |   226 ||   326
